 Dungeon Crawl Stone Soup version 0.29.0-4-gdea44cf6ec (webtiles) character file.

Game seed: 922735083279179472

44 qw the Ruffian (level 3, 0/28 HPs)
             Began as a Ghoul Fire Elementalist on Aug 29, 2022.
             Slain by an ufetubus (4 damage)
             ... on level 2 of the Dungeon.
             The game lasted 00:01:05 (1462 turns).

qw the Ruffian (Ghoul Fire Elementalist)            Turns: 1462, Time: 00:01:06

Health: 0/28       AC:  2    Str: 13    XL:     3   Next: 62%
Magic:  4/4        EV: 12    Int: 10    God:
Gold:   33         SH:  0    Dex:  9    Spells: 4/5 levels left

rFire   . . .      SeeInvis .     - Unarmed
rCold   + . .      Faith    .   (no shield)
rNeg    + + +      Spirit   .   a - +0 robe
rPois   inf        Reflect  .   (no helmet)
rElec   .          Harm     .   (no cloak)
rCorr   .          Rampage  .   (no gloves)
Will    .....                   (no boots)
Stlth   ++........              (no amulet)
HPRegen 0.00/turn               (no ring)
MPRegen 0.09/turn               (no ring)

@: inhibited regen
A: claws 1, cold resistance 1, negative energy resistance 3, inhibited
regeneration, torment resistance 2, devour on kill
a: no special abilities


You were on level 2 of the Dungeon.
You visited 1 branch of the dungeon, and saw 2 of its levels.

You collected 33 gold pieces.


Innate Abilities, Weirdness & Mutations

You are immune to poison.
You have sharp fingernails.
Your flesh is cold resistant. (rC+)
You are immune to negative energy. (rN+++)
You do not regenerate when monsters are visible.
You are immune to unholy pain and torment.
You thrive by killing the living.


   Skills:
 - Level 1.0 Fighting
 - Level 1.7 Dodging
 - Level 2.1 Stealth
 + Level 3.1 Unarmed Combat
 - Level 1.7 Spellcasting
 - Level 0.7 Conjurations
 - Level 2.4 Fire Magic


You had 4 spell levels left.
You knew the following spells:

 Your Spells              Type           Power      Damage    Failure   Level
a - Foxfire               Conj/Fire      16%        2x1d4     17%         1

Your spell library contained the following spells:

 Spells                   Type           Power      Damage    Failure   Level
 Scorch                   Fire           10%        2d5       19%         2
 Conjure Flame            Conj/Fire      4%         6-21      45%         3
 Inner Flame              Hex/Fire       3%         N/A       52%         3
 Flame Wave               Conj/Fire      4%         2d5       86%         4

Inventory:

Armour
 a - a +0 robe (worn)
Potions
 g - a potion of lignification {unknown}

Dungeon Overview and Level Annotations

Branches:
Dungeon (2/15)

Altars:


Message History

Your Unarmed Combat skill increases to level 3!
You start resting.
HP restored.
An ufetubus comes into view.
You scratch the ufetubus but do no damage.
The ufetubus barely misses you. x2
You scratch the ufetubus.
The ufetubus is lightly wounded.
The ufetubus misses you.
The ufetubus hits you but does no damage.
The ufetubus barely misses you. The ufetubus closely misses you.
You barely miss the ufetubus. The ufetubus barely misses you.
The ufetubus hits you.
You closely miss the ufetubus. The ufetubus barely misses you.
The ufetubus hits you. x2
The ufetubus barely misses you.
You scratch the ufetubus.
The ufetubus is lightly wounded.
The ufetubus closely misses you. The ufetubus hits you.
You scratch the ufetubus.
The ufetubus is almost dead.
The ufetubus closely misses you. The ufetubus misses you.
You barely miss the ufetubus.
The ufetubus is almost dead.
The ufetubus misses you. The ufetubus closely misses you.
The ufetubus hits you. The ufetubus barely misses you.
You barely miss the ufetubus.
The ufetubus is almost dead.
The ufetubus hits you. x2
You scratch the ufetubus but do no damage.
The ufetubus is almost dead.
The ufetubus closely misses you. The ufetubus hits you.
You closely miss the ufetubus.
The ufetubus is almost dead.
The ufetubus closely misses you. x2; The ufetubus hits you.
The ufetubus closely misses you.
You miss the ufetubus.
The ufetubus is almost dead.
The ufetubus hits you. x2
You die...

#.......##
#........## #.
#.........#
....####.%<..#
........%...##
~~~..##.###.#
~~~..##.###.##
~~~..........#
~~~....%@.#..#
.8......5.#..#
....#.....#..#
...##.....#
...........
..#####.####
#.# #.


You could see an ufetubus.

Vanquished Creatures
  An adder (D:2)
  3 dart slugs
  2 endoplasms
  2 goblins (D:1)
  4 jackals (D:1)
  3 quokkas (D:1)
  4 ball pythons
  A bat (D:1)
  2 frilled lizards (D:1)
  4 kobolds (D:1)
  2 rats (D:1)
28 creatures vanquished.

Vanquished Creatures (others)
  A fungus (D:1)
1 creature vanquished.

Grand Total: 29 creatures vanquished

Notes
Turn   | Place    | Note
-------+----------+-------------------------------------------
     0 | D:1      | qw the Ghoul Fire Elementalist began the quest for the Orb.
     0 | D:1      | Reached XP level 1. HP: 14/14 MP: 2/2
     0 | D:1      | 0 ||| qw: Version: 0.1-a-90-g952f4b7
     0 | D:1      | 0 ||| qw: Game counter: 4025
     0 | D:1      | 0 ||| qw: Always use a shield: true
     0 | D:1      | 0 ||| qw: God list: Okawaru
     0 | D:1      | 0 ||| qw: Allow faded altars: false
     0 | D:1      | 0 ||| qw: Do Orc after D:15 true
     0 | D:1      | 0 ||| qw: Do second Lair branch before Depths: true
     0 | D:1      | 0 ||| qw: Lair rune preference: random
     0 | D:1      | 0 ||| qw: Plans: Normal
     0 | D:1      | 0 ||| PLANNING D:1-11
   106 | D:1      | HP: 3/14 [jackal (1)]
   106 | D:1      | HP: 1/14 [jackal (2)]
   109 | D:1      | Reached skill level 1 in Unarmed Combat
   386 | D:1      | Reached skill level 1 in Fighting
   386 | D:1      | Reached XP level 2. HP: 23/23 MP: 3/3
   398 | D:1      | 398 ||| Stepping ~*~*~tactically~*~*~ (stealth).
   518 | D:1      | 518 ||| Stepping ~*~*~tactically~*~*~ (stealth).
   520 | D:1      | 520 ||| Stepping ~*~*~tactically~*~*~ (stealth).
   596 | D:1      | Reached skill level 2 in Unarmed Combat
   688 | D:1      | HP: 5/23 [dart slug/slug dart (4)]
   689 | D:1      | HP: 2/23 [dart slug/slug dart (3)]
   692 | D:1      | Reached XP level 3. HP: 5/28 MP: 4/4
  1261 | D:1      | 1261 ||| READING scroll labelled MARCHIN ESAC.
  1262 | D:1      | 1262 ||| READING scroll labelled ENUARAPHAE.
  1263 | D:1      | 1263 ||| READING scroll labelled TIRASHR QARO.
  1267 | D:1      | 1267 ||| READING scroll labelled ZAEHIL JAOS.
  1268 | D:1      | 1268 ||| DROPPING potion of magic.
  1395 | D:2      | Reached skill level 3 in Unarmed Combat
  1461 | D:2      | HP: 6/28 [ufetubus (2)]
  1462 | D:2      | Slain by an ufetubus

Levels and vault maps discovered:
D:1:      spicycebolla_arrival_clurvy, layout_rooms, roderic_roman_lattice,
          st_stairs_9
D:2:      layout_loops_ring, nrook_mini_backslash, hangedman_decor_push,
          serial_park_tiny_pond, solitary_fountain

Skill      XL: |  1  2  3 |
---------------+----------+-----
Unarmed Combat | 1 2 3 |  3.1
Fighting       | 1 |  1.0
Dodging        | |  1.7
Stealth        | |  2.1
Spellcasting   | |  1.7
Conjurations   | |  0.7
Fire Magic     | |  2.4

Action                   || total
-------------------------++-------
Melee: Unarmed           ||   105
       Punch             ||     1
  Use: Scroll            ||     4
Armor: Robe              ||    15
Dodge: Dodged            ||    79

Table legend:
 A = Non-vault XP
 B = Vault XP
 C = Vault XP percentage of total XP
 D = Non-vault monster count
 E = Vault monster count
 F = Vault count percentage of total count
                 A         B        C        D         E       F
            +---------+---------+-------+---------+---------+-------
      Total |      60 |       4 |   6.2 |      26 |       2 |   7.1
            +---------+---------+-------+---------+---------+-------
        D:1 |      40 |       4 |   9.1 |      22 |       2 |   8.3
        D:2 |      20 |       0 |   0.0 |       4 |       0 |   0.0
            +---------+---------+-------+---------+---------+-------
